POLASFD, neutral female scurrid Tourist ..I I.. .I. POLASFD the Sightseer Experience level: 3 Strength: 11 Dexterity: 13 Constitution: 13 Intelligence: 12 Wisdom: 8 Charisma: 18 Health: 0(29) Energy: 7(7) Def: 0 Gold: 476 Moves: 235 Dungeon seed: kZkk1JGB6uAaqek_ Game ID: POLASFD_1498720338 Your Inventory: Coins $ - 476 gold pieces Weapons a - 28 uncursed +2 darts (in quiver) A - a cursed -1 dagger Armor e - an uncursed +0 Hawaiian shirt (being worn) Comestibles b - 4 uncursed food rations c - 4 uncursed tripe rations d - an uncursed carrot f - an uncursed tin of sewer rat meat g - an uncursed chestnut Scrolls i - 2 uncursed scrolls of magic mapping N - an uncursed scroll of water Potions h - an uncursed potion of extra healing Wands l - an uncursed wand of secret door detection (0:12) q - an uncursed wand of enlightenment (0:13) Tools j - an uncursed expensive camera (0:46) k - an uncursed credit card m - an uncursed towel n - an uncursed oil lamp (0:1329) o - an uncursed mirror Spells and supernatural/magical abilities: Name Level Category Fail Memory W - pray for help -- divine ? -- Your skills at the end: Miscellaneous Skills wands [Basic] Weapon Skills dart [Basic] Spellcasting Skills Final Attributes: You were devoutly aligned. You were hallucinating. You had infravision. You were very stealthy. You are dead. Vanquished creatures: a black light 2 dwarves a hobbit an acid blob 6 gnomes 4 grid bugs a kobold zombie and a partridge in a pear tree 16 creatures vanquished. Voluntary challenges: You went without food. You did not adorn yourself with jewelry or accessories. You did not cause conflict. You were not invisible. You did not have reflection. You were not displaced. You were an atheist. You never hit with a wielded weapon. You did not use tools. You did not use plumbed fixtures. You read items or engraved 2 times, starting on turn 52. You never genocided any monsters. You never polymorphed an object. You never changed form. You used no wishes. You never split a pudding. You never wrote Elbereth's name. You violated your moral code, losing 2 points of alignment, starting on turn 150. Dungeon overview: The Dungeons of Doom: levels 1 to 24 Level 1 a long staircase Level 2 Level 3 a hardware shop, an altar to Blind Io stairs to The Gnomish Mines Level 4 a fountain Level 5 Level 6 Level 7 Level 8 Level 9 Level 10 Level 11 Level 12 Level 13 Level 14 a fountain Level 15 Level 16 Level 17 Level 18 a fountain Level 19 Level 20 Level 21 Level 22 Level 23 Level 24 <- You were here The Gnomish Mines: Level 4 stairs to The Dungeons of Doom History has recorded: On T:1 you entered the Dungeons of Doom to retrieve the Amulet of Yendor! On T:4 you reached level 2 of The Dungeons of Doom. On T:7 you reached level 3 of The Dungeons of Doom. On T:45 you reached level 4 of The Dungeons of Doom. On T:115 you reached level 1 of The Gnomish Mines. On T:124 you advanced to experience level 2. On T:152 you advanced to experience level 3. On T:184 you reached level 5 of The Dungeons of Doom. On T:187 you reached level 6 of The Dungeons of Doom. On T:189 you reached level 7 of The Dungeons of Doom. On T:191 you reached level 8 of The Dungeons of Doom. On T:193 you reached level 9 of The Dungeons of Doom. On T:196 you reached level 10 of The Dungeons of Doom. On T:198 you reached level 11 of The Dungeons of Doom. On T:201 you reached level 12 of The Dungeons of Doom. On T:203 you reached level 13 of The Dungeons of Doom. On T:205 you reached level 14 of The Dungeons of Doom. On T:211 you reached level 15 of The Dungeons of Doom. On T:211 you entered the Rogue tribute level. On T:214 you reached level 16 of The Dungeons of Doom. On T:217 you reached level 17 of The Dungeons of Doom. On T:219 you reached level 18 of The Dungeons of Doom. On T:222 you reached level 19 of The Dungeons of Doom. On T:224 you reached level 20 of The Dungeons of Doom. On T:226 you reached level 21 of The Dungeons of Doom. On T:229 you reached level 22 of The Dungeons of Doom. On T:231 you reached level 23 of The Dungeons of Doom. On T:233 you reached level 24 of The Dungeons of Doom. Score breakdown: Gold: 0 ( 0 points) Experience: 3 levels ( 200 points) Exploration: 24 levels ( 690 points) Discoveries: 9 items ( 450 points) Variety of kills: 7 monsters ( 350 points) Major goal: (nothing yet) ( 0 points) Survival: died (score multiplied by 3) Total score: 5070 Latest messages: You dig a pit in the floor. You hear some noises in the distance. You continue digging downward. You dig a hole through the floor. You fall through... You start digging downward. You continue digging downward. You dig a pit in the floor. You continue digging downward. You dig a hole through the floor. You fall through... You start digging downward. The dwarf casts a spell! Monsters suddenly arrive from nowhere! Monsters appear from nowhere! The bottle crashes on your head and breaks into shards. You feel rather tired. Something abuses you! Something bites! Something touches you! Something bites! You die... Final status: Aloha POLASFD the Tourist, killed by a green dragon, while sleeping off potion vapours... You died in The Dungeons of Doom on dungeon level 24 with 5070 points, and 476 pieces of gold, after 235 moves. You were level 3 with a maximum of 29 hit points when you died.